 Dungeon Crawl Stone Soup version 0.16-a0-3641-g71d4c1b (webtiles) character file.

2858 lawman0 the Inventor (level 9, -3/78 HPs)
             Began as a Deep Dwarf Artificer on Feb 1, 2015.
             Was a Priest of Pakellas.
             Slain by a hill giant
             ... wielding a +0 giant spiked club
              (35 damage)
             ... on level 8 of the Dungeon.
             The game lasted 00:26:03 (7646 turns).

lawman0 the Inventor (Deep Dwarf Artificer)         Turns: 7646, Time: 00:26:03

Health: -3/78      AC:  9    Str: 18    XL:     9   Next: 47%
Magic:  10/29      EV: 15    Int: 12    God:    Pakellas [***...]
Gold:   570        SH:  0    Dex: 14    Spells: 0 memorised, 8 levels left

rFire  . . .     SeeInvis .     h - +0 scimitar
rCold  + . .     Clarity  .     C - +2 leather armour of the Exiled Places {rElec rC+ MP+9}
rNeg   . . .     SustAb   .     (no shield)
rPois  .         Gourm    .     (no helmet)
rElec  +         Spirit   .     k - +1 cloak
rCorr  .         Warding  .     B - +0 pair of gloves
rMut   .         Stasis   .     (no boots)
MR     +....                    q - amulet of faith
Stlth  ++........               (no ring)
                                (no ring)

@: non-regenerating, drained, somewhat resistant to hostile enchantments,
unstealthy
A: damage resistance, recharge devices, sense surroundings 2, slow healing 3
a: Device Recharging, Minor Device Surge, Quick Charge, Device Surge, Renounce
Religion


You were on level 8 of the Dungeon.
You worshipped Pakellas.
Pakellas was most pleased with you.
You were not hungry.

You visited 2 branches of the dungeon, and saw 10 of its levels.

You collected 570 gold pieces.

Inventory:

Hand weapons
 h - a +0 scimitar (weapon)
Armour
 k - a +1 cloak (worn)
 B - a +0 pair of gloves (worn)
 C - the +2 leather armour of the Exiled Places (worn) {rElec rC+ MP+9}
   (You found it on level 4 of the Dungeon)

   It protects you from cold.
   It insulates you from electricity.
   It affects your magic capacity (+9).
Jewellery
 q - an amulet of faith (around neck)
Magical devices
 f - a wand of heal wounds (7)
 o - a wand of teleportation (2)
 y - a wand of flame (16)
Scrolls
 a - a scroll of recharging
 c - a scroll of enchant weapon {unknown}
 i - a scroll of fear {unknown}
 m - 7 scrolls of remove curse
 s - a scroll of immolation
 u - a scroll of amnesia {unknown}
 w - a scroll of magic mapping
 x - 2 scrolls of fog {unknown}
 z - a scroll of summoning {unknown}
 D - 2 scrolls of blinking {unknown}
Potions
 d - a potion of resistance {unknown}
 e - 2 potions of flight {unknown}
 n - 3 potions of poison {unknown}
 p - 4 potions of mutation
 r - 3 potions of cancellation
 t - a potion of degeneration {unknown}
 v - a potion of curing {unknown}
 A - a potion of magic
 E - 2 potions of brilliance {unknown}
Comestibles
 g - 6 bread rations
 j - 3 meat rations
 l - 3 royal jellies


   Skills:
 + Level 3.7(3.5) Fighting
   Level 0.8(3.0) Short Blades
 * Level 5.7(5.4) Long Blades
 + Level 4.6(4.4) Armour
 + Level 6.9(6.6) Dodging
 + Level 2.6(2.3) Stealth
 * Level 11.6(11.2) Evocations


You had 8 spell levels left.
You didn't know any spells.

Dungeon Overview and Level Annotations

Branches:
Dungeon (9/15)             Temple (1/1) D:7
   Lair: D:8-11         Orc: D:9-12

Altars:
Ashenzari
Cheibriados
Dithmenos
Elyvilon
Fedhas
Gozag
Kikubaaqudgha
Makhleb
Nemelex Xobeh
Okawaru
Pakellas
Qazlal
Ru
Sif Muna
Trog
Vehumet
Xom
Yredelemnul
Zin
The Shining One

Annotations:
D:4 jessie's ghost, experienced FoFi
D:8 exclusion: statue


Innate Abilities, Weirdness & Mutations

You are resistant to damage.
You can recharge devices by infusing magical energy.
You passively map the area around you.
You do not heal naturally.


Message History

The hound barks!!! x2
The hill giant barely misses you!
You climb upwards!
Level annotation: exclusion: statue
There is a stone staircase leading down here!
Evoke which item? (* to show all) (? for menu, Esc to quit)
Zapping:
y - a wand of flame (17)
Press: ? - help, Shift-Dir - straight line, f - hill giant
Aim: a hill giant, wielding a giant spiked club The puff of flame hits the hill giant!
The hill giant is lightly wounded!
This wand has 16 charges left!
The hill giant barely misses you!
Unknown command!
You chop the hill giant but do no damage!
The hill giant is lightly wounded!
The hill giant hits you with a giant spiked club!!!
You cut the hill giant into ribbons!
The hill giant is moderately wounded!
The hill giant hits you with a giant spiked club!!!!!!!!! rip

#..# #...#...........#......##.##
#.####..##..##...##....##...##.#
#..##..###..##..###(....#......##
#..##.####..##.## ##........)....
#.....###...##.# ##.............
.####..........# ##.....##.......
## ##..........###.....#.........
# #.....#.......C....#...<......
####............@##..#..........[
......<..........###..<..........
..................#..............
...##............................
#.###............................
##.#(............................
#...............................
#####.......>........##..........
#...#............###..##.........


You could see a hill giant.

Vanquished Creatures
  A hungry ghost (D:8)
  A hippogriff (D:7)
  An ice beast (D:6)
  A phantom (D:5)
  A sky beast (D:5)
  4 ogres
  3 centaurs
  5 giant frogs
  A wyvern zombie (D:7)
  3 scorpions
  5 worker ants
  6 wights
  A jelly (D:7)
  3 crimson imps
  6 orc wizards
  2 hounds (D:8)
  A centaur skeleton (D:5)
  A giant frog skeleton (D:4)
  An iguana (D:4)
  3 orc priests
  3 worker ant zombies
  3 gnolls (D:4)
  7 adders
  2 shadow imps
  A giant mite (D:5)
  3 worms
  4 giant geckos
  4 oozes
  21 orcs
  2 ball pythons
  12 bats
  5 giant cockroaches
  11 hobgoblins
  3 jackals
  17 kobolds
  A giant cockroach zombie (D:7)
  3 giant newts
  A giant spore (D:7)
  6 goblins
  3 quokkas
  2 quokka zombies
  13 rats
  4 ballistomycetes (D:7)
181 creatures vanquished.

Vanquished Creatures (collateral kills)
  An iguana (D:5)
  An orc wizard (D:5)
  An orc (D:5)
  A gnoll (D:4)
  An adder (D:5)
  A shadow imp (D:6)
  A bat skeleton (D:4)
  A jackal (D:1)
  A bat (D:4)
9 creatures vanquished.

Vanquished Creatures (others)
  A centaur (D:7)
  A scorpion (D:5)
  A worker ant (D:5)
  An orc (D:7)
  A hobgoblin (D:2)
  A jackal (D:1)
  A quokka zombie (D:7)
7 creatures vanquished.

Grand Total: 197 creatures vanquished

Notes
Turn   | Place    | Note
--------------------------------------------------------------
     0 | D:1      | lawman0, the Deep Dwarf Artificer, began the quest for the Orb.
     0 | D:1      | Reached XP level 1. HP: 16/16 MP: 1/1
   295 | D:1      | Reached skill level 1 in Fighting
   492 | D:1      | Reached XP level 2. HP: 6/25 MP: 3/3
   882 | D:2      | Reached skill level 5 in Evocations
   976 | D:2      | Found a white marble altar of Elyvilon.
  1005 | D:2      | You fall through a shaft!
  1008 | D:3      | Noticed a centaur
  1012 | D:3      | Killed a centaur
  1012 | D:3      | Reached skill level 1 in Armour
  1012 | D:3      | Reached skill level 6 in Evocations
  1012 | D:3      | Reached XP level 3. HP: 18/31 MP: 4/6
  1012 | D:3      | Reached XP level 4. HP: 22/38 MP: 5/8
  1030 | D:3      | cool
  1162 | D:3      | Found a stormy altar of Qazlal.
  1268 | D:4      | Found a sparkling altar of Nemelex Xobeh.
  1319 | D:5      | Entered Level 5 of the Dungeon
  1327 | D:5      | Noticed a sky beast
  1395 | D:5      | Reached XP level 5. HP: 33/44 MP: 10/10
  1439 | D:5      | Noticed a centaur
  1454 | D:5      | Killed a centaur
  1454 | D:5      | Reached skill level 7 in Evocations
  1463 | D:5      | Killed a sky beast
  1463 | D:5      | Reached XP level 6. HP: 5/52 MP: 13/13
  1545 | D:5      | Found a shimmering altar of Xom.
  1548 | D:5      | Found a basalt altar of Yredelemnul.
  1551 | D:5      | Found a glowing silver altar of Zin.
  1736 | D:5      | Reached skill level 8 in Evocations
  1856 | D:5      | coo
  1856 | D:5      | l
  1877 | D:5      | Noticed a phantom
  1983 | D:5      | Killed a phantom
  2228 | D:5      | Reached XP level 7. HP: 45/60 MP: 16/16
  2416 | D:5      | Reached skill level 1 in Long Blades
  2725 | D:6      | Found a deep blue altar of Sif Muna.
  3067 | D:6      | Reached skill level 9 in Evocations
  3236 | D:7      | Found a staircase to the Ecumenical Temple.
  3244 | Temple   | Entered the Ecumenical Temple
  3310 | Temple   | Became a worshipper of Pakellas the Inventive
  3371 | D:7      | Reached XP level 8. HP: 41/68 MP: 17/17
  3889 | D:4      | Got a heavily runed leather armour
  3900 | D:4      | Identified the +2 leather armour of the Exiled Places {rElec rC+ MP+9} (You found it on level 4 of the Dungeon)
  3940 | D:4      | Noticed jessie's ghost (experienced FoFi)
  3984 | D:3      | Acquired Pakellas' first power
  5245 | D:4      | Reached skill level 5 in Dodging
  5663 | D:6      | Found an iron altar of Okawaru.
  5738 | D:6      | Acquired Pakellas' second power
  5908 | D:7      | Reached skill level 10 in Evocations
  6469 | D:8      | Gained mutation: You passively map the area around you. [level up]
  6469 | D:8      | Reached XP level 9. HP: 49/76 MP: 10/20
  6736 | D:8      | Reached skill level 11 in Evocations
  6753 | D:8      | Reached skill level 5 in Long Blades
  6768 | D:8      | Acquired Pakellas' third power
  6871 | D:8      | Found a radiant altar of Vehumet.
  7605 | D:9      | Noticed a hill giant
  7646 | D:8      | Slain by a hill giant

Action                   |  1- 3 |  4- 6 |  7- 9 || total
-------------------------+-------+-------+-------++-------
Melee: Short sword       |    55 |    83 |       ||   138
       Scimitar          |       |    67 |   587 ||   654
Invok: Quick Charge      |       |       |     3 ||     3
 Abil: Device Recharging |       |       |     2 ||     2
Evoke: Wand              |     8 |    35 |   115 ||   158
  Use: Scroll            |       |     7 |     4 ||    11
       Potion            |       |     1 |     1 ||     2
 Stab: Sleeping          |       |       |     2 ||     2
  Eat: Chunk             |       |     4 |    17 ||    21
       Pizza             |       |       |     1 ||     1
       Beef jerky        |       |       |     1 ||     1
